[Event "January 2 Early 2024"]
[Site "https://www.chess.com"]
[Date "2024.01.02"]
[Round "8"]
[White "Caruana, Fabiano"]
[Black "Bryakin, Mikhail"]
[Result "0-1"]
[Board "18"]
[TimeControl "180+1"]
[WhiteFideId "2020009"]
[BlackFideId "4165314"]
[WhiteElo "3040"]
[BlackElo "2840"]
[WhiteTeam "USA"]
[BlackTeam "SRB"]
[WhiteClock "0:00:03"]
[BlackClock "0:00:04"]

1. b3 d5 2. Bb2 Nf6 3. e3 c6 4. Nf3 Bf5 5. c4 e6 6. Be2 h6 7. O-O Be7 8. d3 O-O 9. Nbd2 Bh7 10. Qc2 Nbd7 11. Rfd1 a5 12. a3 Bd6 13. Rac1 Qe7 14. Nb1 e5 15. Qc3 e4 16. dxe4 dxe4 17. Nd4 Nc5 18. Qe1 Qe5 19. g3 Qe7 20. Nd2 Rfd8 21. Ra1 Nd3 22. Bxd3 exd3 23. f3 Be5 24. Ra2 c5 25. Nb5 Bxb2 26. Rxb2 Qe5 27. Rbb1 g5 28. e4 Rd7 29. Qf2 b6 30. Re1 Re8 31. Re3 Nh5 32. Rbe1 Qb2 33. a4 Qe5 34. Rf1 Kh8 35. f4 Qb2 36. fxg5 hxg5 37. Rfe1 Nf6 38. h3 Qe5 39. Nf3 Qe7 40. e5 Nh5 41. Nd6 Rf8 42. Ne4 Rg8 43. Nc3 Qe6 44. Kh2 g4 45. Nh4 gxh3 46. Nd5 Qg4 47. Rf3 d2 48. Rd1 Be4 49. Ne3 Qg7 50. Nef5 Bxf5 51. Nxf5 Qg5 52. Ne3 Re7 53. Rxd2 Rxe5 54. Rd5 Rxd5 55. Nxd5 f5 56. Ne3 Rf8 57. Nd5 Qg4 58. Nf4 Qg5 59. Nxh5 Qxh5 60. Rf4 Kg7 61. Qe3 Qg6 62. Qe5+ Qf6 63. Qe2 Qf7 64. Qf2 Qg6 65. Qf3 Rf6 66. Qf2 Qg5 67. Rf3 Kg6 68. Rf4 Re6 69. Qf3 Qf6 70. g4 Re5 71. gxf5+ Rxf5 72. Qg4+ Qg5 73. Qxg5+ Kxg5 74. Re4 Rf3 75. Re5+ Kf4 0-1

[Event "January 2 Early 2024"]
[Site "https://www.chess.com"]
[Date "2024.01.02"]
[Round "8"]
[White "Narayanan, Srinath"]
[Black "Makarian, Rudik"]
[Result "0-1"]
[Board "19"]
[TimeControl "180+1"]
[WhiteFideId "5018420"]
[BlackFideId "44105681"]
[WhiteElo "2836"]
[BlackElo "3025"]
[WhiteTeam "IND"]
[BlackTeam "FID"]
[WhiteClock "0:00:00"]
[BlackClock "0:00:05"]

1. d4 Nf6 2. Nf3 c5 3. d5 b5 4. c4 b4 5. g3 g6 6. Bg2 Bg7 7. O-O O-O 8. Nbd2 a5 9. e4 d6 10. Re1 a4 11. Rb1 e5 12. Nf1 Ra7 13. h3 Kh8 14. Bd2 Ng8 15. Rc1 Bh6 16. a3 b3 17. Bxh6 Nxh6 18. Qd2 Kg7 19. N3h2 Re7 20. f4 Rfe8 21. Re2 Nd7 22. Rce1 Nf6 23. f5 Nd7 24. g4 f6 25. Ng3 Nb6 26. g5 Ng8 27. Ng4 Rf8 28. Rf2 Kh8 29. Rc1 fxg5 30. Qxg5 Ref7 31. Qe3 gxf5 32. exf5 Bxf5 33. Rcf1 Bg6 34. Rxf7 Rxf7 35. Rxf7 Bxf7 36. Ne4 Nxc4 37. Qe2 Bxd5 38. Ng5 Qxg5 39. Bxd5 Qc1+ 40. Kf2 Nxb2 41. Bxg8 Nd1+ 42. Kg3 b2 43. Ba2 Nc3 44. Qa6 Qe1+ 45. Kh2 Qe2+ 46. Qxe2 Nxe2 0-1

[Event "January 2 Early 2024"]
[Site "https://www.chess.com"]
[Date "2024.01.02"]
[Round "8"]
[White "Materia, Marco"]
[Black "Xiong, Jeffery"]
[Result "0-1"]
[Board "20"]
[TimeControl "180+1"]
[WhiteFideId "45150451"]
[BlackFideId "2047640"]
[WhiteElo "2835"]
[BlackElo "3025"]
[WhiteTeam "FRA"]
[BlackTeam "USA"]
[WhiteClock "0:00:50"]
[BlackClock "0:01:14"]

1. d4 d5 2. c4 e6 3. Nf3 Nf6 4. Nc3 dxc4 5. e4 b5 6. e5 Nd5 7. Nxb5 Nb6 8. Nc3 Nc6 9. Be2 Be7 10. Be3 Bb7 11. O-O Qd7 12. b3 cxb3 13. axb3 Nb4 14. Nd2 O-O 15. Nce4 Rfd8 16. Qc1 Bd5 17. Nc5 Qc6 18. f3 Bxc5 19. dxc5 Nd7 20. Qc3 a5 21. Nc4 Bxc4 22. Bxc4 Nxc5 23. Be2 Ncd3 24. Qxc6 Nxc6 25. f4 Ncb4 26. Bf3 Nc2 27. Bxa8 Rxa8 28. Bd2 Nxa1 29. Rxa1 Nc5 30. Rxa5 Rxa5 31. Bxa5 c6 32. b4 Nd3 33. g3 g5 34. fxg5 Kg7 35. Bd8 Nxb4 36. g4 c5 37. Bf6+ Kf8 38. Kf2 Ke8 39. Ke3 Kd7 40. h4 Kc6 41. Ke4 c4 42. Be7 Nd5 43. Bf8 Kb5 44. Kd4 Nb4 45. Kc3 Nd5+ 46. Kd4 Nf4 47. h5 Nh3 48. Be7 Nf2 49. Ke3 Nxg4+ 50. Kf4 Nh2 51. g6 fxg6 52. hxg6 hxg6 53. Kg5 Nf3+ 54. Kxg6 c3 55. Kf6 Nd4 56. Ba3 Kc4 57. Kg5 Kd3 58. Bc1 c2 59. Bb2 Kd2 60. Kf4 c1=Q 61. Bxc1+ Kxc1 62. Ke4 Nc6 63. Kf4 Kd2 64. Kg5 Ke3 65. Kf6 Nd4 0-1

[Event "January 2 Early 2024"]
[Site "https://www.chess.com"]
[Date "2024.01.02"]
[Round "8"]
[White "Klukin, Kirill"]
[Black "Sarana, Alexey"]
[Result "0-1"]
[Board "21"]
[TimeControl "180+1"]
[WhiteFideId "24199273"]
[BlackFideId "24133795"]
[WhiteElo "2829"]
[BlackElo "3025"]
[WhiteTeam "RUS"]
[BlackTeam "SRB"]
[WhiteClock "0:00:09"]
[BlackClock "0:01:45"]

1. d4 Nf6 2. c3 e6 3. Nf3 d6 4. Bg5 Nbd7 5. Nbd2 h6 6. Bh4 d5 7. e3 Be7 8. Bd3 b6 9. O-O Bb7 10. Qe2 c5 11. h3 Ne4 12. Bxe7 Qxe7 13. Bb5 O-O 14. Bxd7 Qxd7 15. Nxe4 dxe4 16. Nd2 Bd5 17. Rfd1 cxd4 18. exd4 f5 19. c4 Bb7 20. Nb3 f4 21. Qg4 Rf5 22. d5 exd5 23. cxd5 Qf7 24. Nd4 Rxd5 25. Ne2 Rf5 26. Qh4 Rf8 27. Rd8 e3 28. Rad1 Qg6 29. Rxf8+ Rxf8 30. Qg4 Qxg4 31. hxg4 f3 0-1

[Event "January 2 Early 2024"]
[Site "https://www.chess.com"]
[Date "2024.01.02"]
[Round "8"]
[White "Fedoseev, Vladimir"]
[Black "Boruchovsky, Avital"]
[Result "1-0"]
[Board "22"]
[TimeControl "180+1"]
[WhiteFideId "24130737"]
[BlackFideId "2800055"]
[WhiteElo "3017"]
[BlackElo "2829"]
[WhiteTeam "SLO"]
[BlackTeam "ISR"]
[WhiteClock "0:00:16"]
[BlackClock "0:00:16"]

1. Nf3 d5 2. g3 Nd7 3. d4 Nb6 4. Nc3 Bf5 5. Nh4 e6 6. Nxf5 exf5 7. Qd3 Qd7 8. a4 a5 9. b3 Nf6 10. Bh3 g6 11. Nd1 O-O-O 12. Bd2 Bb4 13. Bxb4 axb4 14. a5 Na8 15. a6 Qc6 16. Ra4 h5 17. Ne3 Ne4 18. Rxb4 bxa6 19. O-O h4 20. g4 Ng5 21. Bg2 h3 22. Bh1 f4 23. Nxd5 Qe6 24. Nxf4 Qxg4+ 25. Qg3 Qxg3+ 26. fxg3 Nb6 27. Ra1 Ne6 28. Nxe6 fxe6 29. Rxa6 Rhf8 30. Bf3 e5 31. dxe5 Rd1+ 32. Kf2 Rh1 33. Rbxb6 Rxf3+ 34. Kxf3 cxb6 35. Rxb6 Rxh2 36. Rxg6 Rh1 37. Rh6 h2 38. Kg4 Kd7 39. b4 Ke7 40. b5 Rc1 41. Rxh2 Rxc2 42. Kf5 Rxe2 43. Rxe2 1-0

[Event "January 2 Early 2024"]
[Site "https://www.chess.com"]
[Date "2024.01.02"]
[Round "8"]
[White "Bluebaum, Matthias"]
[Black "Bologan, Victor"]
[Result "1/2-1/2"]
[Board "23"]
[TimeControl "180+1"]
[WhiteFideId "24651516"]
[BlackFideId "13900048"]
[WhiteElo "3000"]
[BlackElo "2818"]
[WhiteTeam "GER"]
[BlackTeam "MDA"]
[WhiteClock "0:00:03"]
[BlackClock "0:00:20"]

1. d4 Nf6 2. c4 c5 3. d5 b5 4. cxb5 a6 5. bxa6 Bxa6 6. Nc3 g6 7. e4 Bxf1 8. Kxf1 d6 9. g3 Bg7 10. Kg2 O-O 11. Nf3 Nbd7 12. a4 Qb6 13. Qe2 Rfb8 14. Nb5 Ne8 15. Ra3 Nc7 16. Nxc7 Qxc7 17. b3 Qb7 18. a5 Qb5 19. Qxb5 Rxb5 20. Bd2 f5 21. exf5 Nf6 22. fxg6 hxg6 23. h4 Nxd5 24. h5 Bb2 25. Ra2 Rxb3 26. Rb1 Rab8 27. a6 gxh5 28. a7 Ra8 29. Raxb2 Rxb2 30. Rxb2 Rxa7 31. Nh4 Kf7 32. Nf5 c4 33. Rb5 Nf6 34. Ne3 Rc7 35. Nd5 Nxd5 36. Rxd5 c3 37. Bc1 Rb7 38. Rxh5 Rb1 39. Rh1 d5 40. Rd1 d4 41. Rxd4 Rxc1 42. Rc4 Ke6 43. Kf3 Kd5 44. Rc7 Kd4 45. Rxe7 Rg1 46. Rd7+ Kc4 47. Rc7+ Kd3 48. Rd7+ Kc4 49. Rc7+ Kd3 50. Rd7+ Kc4 1/2-1/2

[Event "January 2 Early 2024"]
[Site "https://www.chess.com"]
[Date "2024.01.02"]
[Round "8"]
[White "Svane, Rasmus"]
[Black "Arabidze, Meri"]
[Result "1-0"]
[Board "24"]
[TimeControl "180+1"]
[WhiteFideId "4657101"]
[BlackFideId "13604040"]
[WhiteElo "2991"]
[BlackElo "2739"]
[WhiteTeam "GER"]
[BlackTeam "GEO"]
[WhiteClock "0:00:13"]
[BlackClock "0:00:00"]

1. Nf3 c5 2. c4 g6 3. d4 Bg7 4. e4 cxd4 5. Nxd4 Nc6 6. Be3 d6 7. Nc3 Nf6 8. Be2 O-O 9. O-O Bd7 10. Nc2 a5 11. Rc1 a4 12. f4 Qa5 13. Qd2 Ng4 14. Bxg4 Bxg4 15. f5 Ne5 16. Na3 Rfc8 17. h3 Bh5 18. Nd5 Qxd2 19. Bxd2 Nd3 20. Nxe7+ Kf8 21. f6 Bxf6 22. Rxf6 Kxe7 23. Rcf1 g5 24. Bxg5 Kd7 25. Nb5 Ra6 26. b3 axb3 27. axb3 Nc5 28. Nd4 Nxe4 29. Rxf7+ Bxf7 30. Rxf7+ Ke8 31. Re7+ Kf8 32. Ne6+ Kg8 33. Be3 Ra1+ 34. Kh2 Rd1 35. Rg7+ Kh8 36. Rxb7 Re8 37. Bd4+ Rxd4 38. Nxd4 Nc5 39. Rb6 Re4 40. Rxd6 Kg7 41. b4 Nd3 42. Nf5+ Kf7 43. Rxd3 Rxc4 44. Nd6+ 1-0

[Event "January 2 Early 2024"]
[Site "https://www.chess.com"]
[Date "2024.01.02"]
[Round "8"]
[White "Vokhidov, Shamsiddin"]
[Black "Han, Yichen"]
[Result "1-0"]
[Board "25"]
[TimeControl "180+1"]
[WhiteFideId "14204223"]
[BlackFideId "1054430"]
[WhiteElo "2974"]
[BlackElo "2695"]
[WhiteTeam "UZB"]
[BlackTeam "NED"]
[WhiteClock "0:00:09"]
[BlackClock "0:00:02"]

1. e4 e5 2. Nf3 Nc6 3. Nc3 Nf6 4. Be2 Be7 5. d4 exd4 6. Nxd4 O-O 7. Nxc6 dxc6 8. Bd3 Bg4 9. f3 Be6 10. Be3 Nd7 11. Qe2 Bc5 12. O-O-O Qe7 13. f4 Bxe3+ 14. Qxe3 Nc5 15. Be2 b5 16. e5 b4 17. Ne4 Nxe4 18. Qxe4 Qc5 19. Qd4 Qa5 20. Bc4 Bxc4 21. Qxc4 Qb6 22. Rd7 Rad8 23. Rhd1 Rxd7 24. Rxd7 Qe3+ 25. Rd2 Rd8 26. Qe2 Qxf4 27. g3 Qh6 28. Kd1 Rxd2+ 29. Qxd2 Qxd2+ 30. Kxd2 Kf8 31. Kd3 Ke7 32. Kd4 Ke6 33. Ke4 c5 34. c4 c6 35. Kf4 h6 36. h4 g6 37. Ke4 g5 38. h5 a6 39. a3 a5 40. a4 Kd7 41. Kf5 Ke7 42. b3 Ke8 43. Kf6 Kf8 44. e6 fxe6 45. Kxe6 Kg7 46. Ke7 Kg8 47. Kf6 Kh7 48. Kf7 g4 49. Kf6 Kh8 50. Kg6 Kg8 51. Kxh6 1-0

[Event "January 2 Early 2024"]
[Site "https://www.chess.com"]
[Date "2024.01.02"]
[Round "8"]
[White "Rasulov, Vugar"]
[Black "Agibileg, Uurtsaikh"]
[Result "1-0"]
[Board "26"]
[TimeControl "180+1"]
[WhiteFideId "13402390"]
[BlackFideId "4901606"]
[WhiteElo "2966"]
[BlackElo "2693"]
[WhiteTeam "AZE"]
[BlackTeam "MGL"]
[WhiteClock "0:00:15"]
[BlackClock "0:00:10"]

1. e4 e5 2. Nf3 Nc6 3. Bc4 Nf6 4. d3 h6 5. O-O d6 6. Nc3 g5 7. Be3 Bg4 8. d4 exd4 9. Bxd4 Bxf3 10. gxf3 Nxd4 11. Qxd4 Bg7 12. Nd5 c6 13. Ne3 Nh5 14. Qd2 Be5 15. Nf5 Qf6 16. Qb4 b5 17. Bd3 a5 18. Qb3 O-O 19. a4 b4 20. Rad1 Nf4 21. Qc4 Kh7 22. Qxc6 Qg6 23. Ng3 Qe6 24. Kh1 Qh3 25. Rg1 h5 26. Bf1 Qe6 27. Qc4 Rfc8 28. Qxe6 fxe6 29. Rd2 Kh6 30. b3 Rc3 31. Be2 Rac8 32. Bd1 Nh3 33. Rf1 Bf4 34. Rd4 Rxc2 35. Bxc2 Rxc2 36. Kg2 g4 37. fxg4 hxg4 38. e5 dxe5 39. Rd6 Be3 40. Rxe6+ Kh7 41. Re7+ Kg6 42. Ne4 Kf5 43. Nd6+ Kf6 44. Rc7 Ke6 45. Rxc2 1-0

[Event "January 2 Early 2024"]
[Site "https://www.chess.com"]
[Date "2024.01.02"]
[Round "8"]
[White "Tanriverdi, Enes"]
[Black "Bok, Benjamin"]
[Result "0-1"]
[Board "27"]
[TimeControl "180+1"]
[WhiteFideId "34543279"]
[BlackFideId "1017063"]
[WhiteElo "2672"]
[BlackElo "2950"]
[WhiteTeam "TUR"]
[BlackTeam "NED"]
[WhiteClock "0:00:55"]
[BlackClock "0:00:46"]

1. d4 Nf6 2. Nf3 e6 3. c4 b6 4. g3 Ba6 5. Qc2 c5 6. d5 exd5 7. cxd5 Bb7 8. Bg2 Nxd5 9. O-O Nc6 10. Rd1 Be7 11. Qa4 Nf6 12. Nh4 O-O 13. Nc3 g6 14. Bh6 Re8 15. Nb5 d5 16. e4 d4 17. e5 Ng4 18. Bf4 Bxh4 19. gxh4 Ngxe5 20. Re1 Qd7 21. Bg3 a6 22. Na3 b5 23. Qd1 c4 24. h5 Nd3 25. Rxe8+ Rxe8 26. Qf3 Nd8 27. Qf6 Bxg2 28. h6 Ne6 29. Rd1 Qe7 30. Qxe7 Rxe7 31. Kxg2 Nxb2 32. Re1 Nd3 33. Rf1 f5 34. Kf3 Kf7 35. Nc2 f4 36. Bh4 g5 0-1

[Event "January 2 Early 2024"]
[Site "https://www.chess.com"]
[Date "2024.01.02"]
[Round "8"]
[White "Drygalov, Sergey"]
[Black "Cordoba Roa, Angel Gabriel"]
[Result "1-0"]
[Board "28"]
[TimeControl "180+1"]
[WhiteFideId "24171743"]
[BlackFideId "3957624"]
[WhiteElo "2949"]
[BlackElo "2662"]
[WhiteTeam "RUS"]
[BlackTeam "COL"]
[WhiteClock "0:01:35"]
[BlackClock "0:00:20"]

1. d4 Nf6 2. c4 e6 3. Nf3 d5 4. Nc3 dxc4 5. e4 b5 6. e5 Nd5 7. Nxb5 Nb6 8. Be2 Nc6 9. Be3 Be7 10. a3 O-O 11. h4 Qd7 12. Nc3 Bb7 13. Qc2 Na5 14. Ng5 g6 15. Rd1 Nd5 16. Nxd5 Bxd5 17. h5 Bxg5 18. Bxg5 Bxg2 19. Rh2 Qd5 20. Bf6 Qe4 21. Qd2 Bf3 22. Rh4 Qxe2+ 23. Qxe2 Bxe2 24. Kxe2 Rab8 25. Rdh1 Rxb2+ 26. Kf3 Nc6 27. Kg2 g5 28. Bxg5 h6 29. Bxh6 Rd8 30. Be3 Kh7 31. Rf4 Rd7 32. Rc1 Na5 33. Kf3 Rb3 34. Rg4 c3 35. Rcg1 Rd8 36. Rg7+ Kh8 37. Rxf7 c2 38. Rf6 Nc4 39. Rh6# 1-0

[Event "January 2 Early 2024"]
[Site "https://www.chess.com"]
[Date "2024.01.02"]
[Round "8"]
[White "Sipila, Vilka"]
[Black "Santos Latasa, Jaime"]
[Result "0-1"]
[Board "29"]
[TimeControl "180+1"]
[WhiteFideId "505455"]
[BlackFideId "2293307"]
[WhiteElo "2658"]
[BlackElo "2943"]
[WhiteTeam "FIN"]
[BlackTeam "ESP"]
[WhiteClock "0:00:04"]
[BlackClock "0:00:56"]

1. e4 c6 2. d4 d5 3. e5 c5 4. Nf3 cxd4 5. Nxd4 Nc6 6. Nxc6 bxc6 7. Bd3 e6 8. O-O Ne7 9. Nd2 Ng6 10. Re1 a5 11. Nf3 Ba6 12. Bxa6 Rxa6 13. g3 Be7 14. h4 Nf8 15. h5 h6 16. c4 Nd7 17. Qc2 O-O 18. Be3 Qa8 19. Rad1 a4 20. Nd4 Nxe5 21. cxd5 c5 22. Nb5 Nf3+ 23. Kf1 Nxe1 24. Kxe1 Rb6 25. d6 Bf6 26. Qxc5 Qa5+ 27. Nc3 Qxc5 28. Bxc5 Rxb2 29. Nxa4 Rxa2 30. Nb6 Rd8 31. d7 Rc2 32. Be3 Rc7 33. f4 Bc3+ 34. Ke2 Ba5 35. Rd3 Rc2+ 36. Kf3 Rc7 37. Ke2 Rc2+ 38. Kf3 Rc3 39. Rxc3 Bxc3 40. Ke4 Ba5 41. Nc4 Bc7 42. g4 Rxd7 43. f5 Kf8 44. fxe6 fxe6 45. Bd4 Kf7 46. Be5 Bxe5 47. Nxe5+ Ke7 48. Ng6+ Kf6 49. Ne5 Rd5 50. Nf3 Ra5 0-1

[Event "January 2 Early 2024"]
[Site "https://www.chess.com"]
[Date "2024.01.02"]
[Round "8"]
[White "Praggnanandhaa R"]
[Black "Teterev, Vitaly"]
[Result "1-0"]
[Board "30"]
[TimeControl "180+1"]
[WhiteFideId "25059530"]
[BlackFideId "13501429"]
[WhiteElo "2940"]
[BlackElo "2618"]
[WhiteTeam "IND"]
[BlackTeam "BLR"]
[WhiteClock "0:00:37"]
[BlackClock "0:00:00"]

1. Nf3 Nf6 2. g3 g6 3. Bg2 Bg7 4. O-O O-O 5. c4 c6 6. d3 d5 7. Qc2 Bf5 8. Bf4 Na6 9. Be5 Qd7 10. Nbd2 Bh3 11. Rab1 Bxg2 12. Kxg2 Nc7 13. b4 Rfc8 14. Qb2 Ne6 15. a4 a6 16. a5 Re8 17. Rfc1 Rad8 18. b5 axb5 19. cxb5 c5 20. a6 b6 21. e4 Qa7 22. Rd1 Qa8 23. exd5 Nxd5 24. Bxg7 Nxg7 25. Nc4 f6 26. d4 Ne6 27. Qb3 Kf7 28. dxc5 Nxc5 29. Nxb6 Nxb3 30. Nxa8 Nc5 31. Rxd5 Rxd5 32. Nc7 Rd6 33. Nxe8 Kxe8 34. a7 1-0

[Event "January 2 Early 2024"]
[Site "https://www.chess.com"]
[Date "2024.01.02"]
[Round "8"]
[White "Veljanoski, Andrej"]
[Black "Makhnev, Denis"]
[Result "0-1"]
[Board "31"]
[TimeControl "180+1"]
[WhiteFideId "15003604"]
[BlackFideId "13707647"]
[WhiteElo "2615"]
[BlackElo "2921"]
[WhiteTeam "MKD"]
[BlackTeam "KAZ"]
[WhiteClock "0:00:00"]
[BlackClock "0:00:11"]

1. Nf3 d5 2. b3 f6 3. d4 c5 4. e3 Nc6 5. Bb2 Bf5 6. c4 Nb4 7. Na3 e5 8. dxe5 Qa5 9. Qd2 O-O-O 10. cxd5 Rxd5 11. Qc3 Bd3 12. Rd1 Qa6 13. exf6 Nxf6 14. Bxd3 Nxd3+ 15. Rxd3 Rxd3 16. Qc4 Qxc4 17. Nxc4 Be7 18. Nfe5 Rd5 19. a4 Re8 20. Ke2 Bd8 21. f3 Bc7 22. Nd3 b6 23. e4 Rdd8 24. Ne3 Rd7 25. Nf5 g6 26. Ne3 Nh5 27. g3 Kb7 28. Rd1 Ng7 29. Kf2 Rf7 30. Ke2 Ne6 31. Nd5 Bb8 32. Ke3 Rd8 33. Ne5 Rff8 34. Nc4 Bc7 35. f4 a6 36. Nd2 b5 37. Nf3 Bb8 38. h4 Ba7 39. h5 c4+ 40. Ke2 Nc5 41. bxc4 Nxe4 42. hxg6 Nxg3+ 43. Kd3 hxg6 0-1

[Event "January 2 Early 2024"]
[Site "https://www.chess.com"]
[Date "2024.01.02"]
[Round "8"]
[White "Aswath, S"]
[Black "Aravindh, Chithambaram VR."]
[Result "0-1"]
[Board "32"]
[TimeControl "180+1"]
[WhiteFideId "46694919"]
[BlackFideId "5072786"]
[WhiteElo "2612"]
[BlackElo "2917"]
[WhiteTeam "IND"]
[BlackTeam "IND"]
[WhiteClock "0:00:26"]
[BlackClock "0:00:11"]

1. c4 Nf6 2. g3 d6 3. Bg2 g6 4. Nc3 Bg7 5. d4 O-O 6. h3 Nc6 7. Nf3 e5 8. dxe5 dxe5 9. Be3 Be6 10. b3 Qe7 11. O-O Rfd8 12. Qc1 Nd4 13. Nxe5 Bxh3 14. Bxh3 Qxe5 15. Re1 c6 16. Rb1 Qh5 17. Kg2 Ng4 18. Rh1 Nxe3+ 19. Qxe3 Re8 20. Qd3 Qe5 21. e3 Ne6 22. Ne2 Rad8 23. Qc2 Ng5 24. Nf4 Rd2 25. Qxd2 Qe4+ 26. f3 Nxf3 27. Qd7 Ne5+ 28. Kh2 Nxd7 29. Bxd7 Rd8 30. Rbd1 Qc2+ 31. Kh3 Rxd7 32. Rxd7 Qf5+ 33. g4 Qxd7 34. Kg2 Qxg4+ 35. Kf2 Bd4 36. Ne2 Qf5+ 0-1

[Event "January 2 Early 2024"]
[Site "https://www.chess.com"]
[Date "2024.01.02"]
[Round "8"]
[White "Jeet, Jain"]
[Black "Ibarra Jerez, Jose Carlos"]
[Result "0-1"]
[Board "33"]
[TimeControl "180+1"]
[WhiteFideId "5073022"]
[BlackFideId "2226332"]
[WhiteElo "2573"]
[BlackElo "2916"]
[WhiteTeam "IND"]
[BlackTeam "ESP"]
[WhiteClock "0:00:50"]
[BlackClock "0:00:55"]

1. Nf3 Nf6 2. g3 g6 3. Bg2 d6 4. d4 Bg7 5. O-O O-O 6. Nbd2 Nbd7 7. e4 e5 8. dxe5 dxe5 9. c3 b6 10. a4 a5 11. Re1 Re8 12. Qb3 Nc5 13. Qc2 Qd3 14. Qxd3 Nxd3 15. Re3 Nxc1 16. Rxc1 Bh6 17. Ree1 Ba6 18. Rcd1 Rad8 19. Nb3 Rxd1 20. Rxd1 Nxe4 21. Rd7 c5 22. Ne1 Nf6 23. Rd6 Re6 24. Rxe6 fxe6 25. Bf1 Bxf1 26. Kxf1 c4 27. Na1 Bc1 28. Nac2 Nd5 29. Na3 Bxb2 30. Nxc4 Bxc3 31. Nd3 e4 32. Nf4 Kf7 33. Ke2 Ke7 34. Nh3 Bd4 35. Ng5 Nc3+ 36. Kd2 h6 37. Nh3 Nxa4 38. Nf4 g5 39. Nh3 b5 0-1

[Event "January 2 Early 2024"]
[Site "https://www.chess.com"]
[Date "2024.01.02"]
[Round "8"]
[White "Maksimovic, Bojan"]
[Black "Tiarks, Jann-Christian"]
[Result "1/2-1/2"]
[Board "34"]
[TimeControl "180+1"]
[WhiteFideId "14408120"]
[BlackFideId "12951595"]
[WhiteElo "2872"]
[BlackElo "2471"]
[WhiteTeam "BIH"]
[BlackTeam "GER"]
[WhiteClock "0:00:05"]
[BlackClock "0:00:52"]

1. a3 e5 2. h3 d5 3. e3 c5 4. d4 cxd4 5. exd4 exd4 6. Nf3 Nc6 7. Nxd4 Nf6 8. Be2 Bc5 9. Nxc6 bxc6 10. O-O O-O 11. b4 Bb6 12. Bb2 Ne4 13. Nd2 Bf5 14. Nxe4 Bxe4 15. Bd3 Re8 16. Qg4 Bg6 17. Bxg6 hxg6 18. Rfe1 Qd6 19. Re2 Rxe2 20. Qxe2 Bc7 21. g3 Bb6 22. Kg2 d4 23. Re1 Rd8 24. Qe4 d3 25. Rd1 d2 26. Bc3 c5 27. Rxd2 Qxd2 28. Bxd2 Rxd2 29. Qe3 Rxc2 30. Qd3 Rxf2+ 31. Kxf2 c4+ 32. Qe3 f5 33. h4 Kf7 34. Kf3 Bxe3 35. Kxe3 Kf6 36. Kd4 g5 37. hxg5+ Kxg5 38. a4 Kf6 39. b5 Ke6 40. Kxc4 Kd6 41. a5 g5 42. Kd4 f4 43. gxf4 gxf4 44. Ke4 Kc5 45. b6 axb6 46. axb6 Kxb6 47. Kxf4 1/2-1/2

[Event "January 2 Early 2024"]
[Site "https://www.chess.com"]
[Date "2024.01.02"]
[Round "8"]
[White "Durarbayli, Vasif"]
[Black "Ovezdurdyyeva, Jemal"]
[Result "1-0"]
[Board "35"]
[TimeControl "180+1"]
[WhiteFideId "13402935"]
[BlackFideId "14001888"]
[WhiteElo "2852"]
[BlackElo "2447"]
[WhiteTeam "AZE"]
[BlackTeam "TKM"]
[WhiteClock "0:01:22"]
[BlackClock "0:00:00"]

1. c4 Nf6 2. Nc3 g6 3. g3 Bg7 4. Bg2 O-O 5. d4 c6 6. e4 d6 7. Nge2 e5 8. O-O Nbd7 9. Re1 Qc7 10. h3 Rd8 11. Bg5 h6 12. Be3 Nf8 13. Qd2 Kh7 14. d5 c5 15. Kh2 Qe7 16. Rf1 Ng8 17. f4 exf4 18. gxf4 f5 19. Ng3 fxe4 20. Bxe4 Nf6 21. Bc2 Re8 22. Rae1 Qd7 23. Qg2 a6 24. Rg1 b5 25. Nge4 Nxe4 26. Nxe4 bxc4 27. Bxc5 dxc5 28. Nf6+ Bxf6 29. Bxg6+ Kh8 30. Bxe8 Qh7 31. Bc6 Rb8 32. Re8 Bg7 33. d6 Rb6 34. Rxc8 1-0

[Event "January 2 Early 2024"]
[Site "https://www.chess.com"]
[Date "2024.01.02"]
[Round "8"]
[White "Nazari, Arad"]
[Black "Zemlyanskii, Ivan"]
[Result "0-1"]
[Board "36"]
[TimeControl "180+1"]
[WhiteFideId "12577324"]
[BlackFideId "24249971"]
[WhiteElo "2711"]
[BlackElo "2992"]
[WhiteTeam "IRI"]
[BlackTeam "RUS"]
[WhiteClock "0:00:00"]
[BlackClock "0:00:04"]

1. e4 c5 2. Nf3 e6 3. d4 cxd4 4. Nxd4 Nf6 5. Nc3 Nc6 6. Be3 Bb4 7. Nxc6 bxc6 8. Bd3 d5 9. Bd2 O-O 10. exd5 cxd5 11. a3 Be7 12. O-O a5 13. Qf3 Ba6 14. Bxa6 Rxa6 15. Nb5 a4 16. Qe2 Qb6 17. b4 Rc8 18. Be3 Qb7 19. Rac1 Rc4 20. Nd4 Ne4 21. Nf3 Bf6 22. Nd2 Nc3 23. Qd3 Rc8 24. Rfe1 Qb5 25. Nb1 Rc4 26. Nxc3 Bxc3 27. Bd2 Bb2 28. Rb1 Bf6 29. Re2 Rac6 30. Be1 g6 31. g3 e5 32. Qf3 Bg7 33. Rd1 d4 34. Qe4 f5 35. Qh4 Bf6 36. Qh3 Rxc2 37. Rxc2 Rxc2 38. Qf1 Qxf1+ 39. Kxf1 Rb2 40. Rc1 e4 41. Rc6 Kf7 42. Rc7+ Ke6 43. Rc6+ Ke7 44. Rc7+ Kd6 45. Ra7 d3 46. Ra6+ Ke7 47. Rxf6 Rb1 0-1

[Event "January 2 Early 2024"]
[Site "https://www.chess.com"]
[Date "2024.01.02"]
[Round "8"]
[White "NevorLegov"]
[Black "Mgeladze, Tamaz"]
[Result "1-0"]
[Board "37"]
[TimeControl "180+1"]
[BlackFideId "13601202"]
[WhiteElo "2924"]
[BlackElo "2707"]
[BlackTeam "GEO"]
[WhiteClock "0:00:44"]
[BlackClock "0:00:07"]

1. d4 Nf6 2. c4 g6 3. Nc3 Bg7 4. e4 O-O 5. h3 d6 6. Be3 c5 7. d5 e6 8. Nf3 exd5 9. exd5 Re8 10. Bd3 Nbd7 11. O-O Ne5 12. Nxe5 Rxe5 13. Bd2 Bf5 14. Bxf5 Rxf5 15. f4 Rh5 16. Qf3 Qd7 17. Rae1 a6 18. Re2 b5 19. g4 Rh4 20. Qg3 Rh6 21. f5 b4 22. Nd1 Re8 23. Rfe1 Rxe2 24. Rxe2 Nh5 25. Qf3 Bd4+ 26. Kg2 g5 27. Bxg5 Rf6 28. gxh5 Rxf5 29. Qg4 h6 30. Bf6+ Rg5 31. Bxg5 1-0

[Event "January 2 Early 2024"]
[Site "https://www.chess.com"]
[Date "2024.01.02"]
[Round "8"]
[White "Tari, Aryan"]
[Black "Manolache, Marius"]
[Result "1-0"]
[Board "38"]
[TimeControl "180+1"]
[WhiteFideId "1510045"]
[BlackFideId "1201530"]
[WhiteElo "2917"]
[BlackElo "2689"]
[WhiteTeam "NOR"]
[BlackTeam "ROU"]
[WhiteClock "0:00:20"]
[BlackClock "0:00:09"]

1. e4 c5 2. Nc3 e6 3. d4 cxd4 4. Qxd4 Nc6 5. Qd3 a6 6. Qg3 b5 7. Bg5 Qa5 8. O-O-O h6 9. Bf4 Nf6 10. Bc7 Nh5 11. Bxa5 Nxg3 12. hxg3 Nxa5 13. g4 Bb7 14. Bd3 Bc5 15. Nh3 O-O-O 16. a3 Nc6 17. f3 f6 18. Kb1 Ne5 19. Nf4 Rhe8 20. Be2 Bc6 21. Nh5 Re7 22. f4 Nc4 23. Bxc4 bxc4 24. Ng3 Kc7 25. Nge2 Rb8 26. Ka2 Rb7 27. Nd4 Re8 28. b4 Bf8 29. Nxc6 Kxc6 30. Rd4 d5 31. exd5+ exd5 32. Nxd5 Rd7 33. Rhd1 Red8 34. Rxc4+ Kb7 35. Rcd4 f5 36. gxf5 Rd6 37. g4 R6d7 38. c4 Be7 39. Kb3 Bf6 40. R4d3 Rd6 41. c5 R6d7 42. Kc4 Rc8 43. Nxf6 Rxd3 44. Rxd3 gxf6 45. Rd7+ Kb8 46. a4 Rg8 47. b5 Rxg4 48. c6 Rxf4+ 49. Kc5 axb5 50. axb5 1-0

[Event "January 2 Early 2024"]
[Site "https://www.chess.com"]
[Date "2024.01.02"]
[Round "8"]
[White "Galchenko, Matvey"]
[Black "Csonka, Balazs"]
[Result "1-0"]
[Board "39"]
[TimeControl "180+1"]
[WhiteFideId "24175480"]
[BlackFideId "742910"]
[WhiteElo "2893"]
[BlackElo "2673"]
[WhiteTeam "FID"]
[BlackTeam "HUN"]
[WhiteClock "0:00:16"]
[BlackClock "0:00:00"]

1. e4 d6 2. d4 Nf6 3. Nc3 e5 4. Nf3 exd4 5. Nxd4 Be7 6. g3 Bg4 7. f3 Bd7 8. Bg2 O-O 9. O-O Nc6 10. Be3 Re8 11. Nde2 Bf8 12. Qd2 Be6 13. Nf4 Bc4 14. Rfe1 Ne5 15. b3 Ba6 16. Rad1 c6 17. a4 d5 18. exd5 Bb4 19. Bd4 Qd6 20. Qf2 c5 21. Bxe5 Rxe5 22. Rxe5 Qxe5 23. Ne4 Nxe4 24. fxe4 c4 25. bxc4 Bxc4 26. Kh1 b6 27. Nd3 Bxd3 28. cxd3 Rc8 29. d4 Qg5 30. Rf1 f6 31. e5 Qd2 32. Qxd2 Bxd2 33. d6 Kf8 34. e6 Be3 35. d7 Rd8 36. Re1 1-0